 Dungeon Crawl Stone Soup version 0.29-a0-231-g945431f764 (webtiles) character file.

Game seed: 4609534019213286655

2053 fragbeetle the Spear-Bearer (level 9, -3/68 HPs)
             Began as a Demonspawn Cinder Acolyte on Mar 1, 2022.
             Was a Priest of Ignis.
             Slain by a water moccasin (6 damage)
             ... on level 6 of the Dungeon.
             The game lasted 00:10:51 (6966 turns).

fragbeetle the Spear-Bearer (DsCA)                  Turns: 6966, Time: 00:10:52

Health: -3/68      AC:  7    Str: 18    XL:     9   Next: 4%
Magic:  10/10      EV: 11    Int: 17    God:    Ignis [***...]
Gold:   178        SH:  0    Dex:  8    Spells: 8/10 levels left

rFire   + . .      SeeInvis .   G - +1 broad axe (flame)
rCold   . . .      Faith    .   (no shield)
rNeg    . . .      Spirit   .   H - +0 steam dragon scales
rPois   .          Reflect  .   (no helmet)
rElec   .          Harm     .   (no cloak)
rCorr   .          Rampage  .   (no gloves)
Will    +....                   (no boots)
Stlth   +.........              (no amulet)
HPRegen 0.21/turn               y - ring of willpower
MPRegen 0.12/turn               D - ring of flight

@: lethally poisoned (-3 -> -23), flying
A: hooves 2, slimy green scales 1, powered by death 1
a: Renounce Religion, Fiery Armour, Foxfire Swarm, Rising Flame


You were on level 6 of the Dungeon.
You worshipped Ignis.
Ignis was most pleased with you.
You visited 2 branches of the dungeon, and saw 7 of its levels.

You collected 258 gold pieces.
You spent 80 gold pieces at shops.

Inventory:

Hand Weapons
 a - a -1 spear of flaming
 v - a +3 hand axe
 C - a +0 trident
 E - a +0 vorpal scythe
 G - a +1 broad axe of flaming (weapon)
Missiles
 d - 10 poisoned darts
 u - 6 boomerangs
Armour
 i - a +0 ring mail
 w - a +0 leather armour of cold resistance
 F - a +1 robe of fire resistance
 H - +0 steam dragon scales (worn)
Jewellery
 y - a ring of willpower (left hand)
 D - a ring of flight (right hand)
Wands
 h - a wand of flame (3)
 x - a wand of paralysis (1)
Scrolls
 b - a scroll of silence {unknown}
 c - a scroll of amnesia {unknown}
 e - 2 scrolls of teleportation {unknown}
 g - 2 scrolls of noise {unknown}
 j - a scroll of magic mapping {unknown}
 l - 2 scrolls of torment {unknown}
 m - a scroll of enchant armour {unknown}
 p - 2 scrolls of blinking {unknown}
 r - 7 scrolls of identify {unknown}
Potions
 f - a potion of degeneration {unknown}
 k - 4 potions of curing {unknown}
 n - 4 potions of heal wounds
 o - a potion of attraction {unknown}
 q - 2 potions of lignification {unknown}
 s - 3 potions of brilliance {unknown}
 t - a potion of resistance {unknown}
 z - a potion of berserk rage {unknown}
 A - a potion of cancellation {unknown}
 B - a potion of mutation {unknown}


   Skills:
 - Level 5.4 Fighting
 + Level 3.8(6.3) Axes
 - Level 8.0(8.4) Polearms
 - Level 1.0 Spellcasting
 - Level 6.0 Fire Magic


You had 8 spell levels left.
You knew the following spells:

 Your Spells              Type           Power      Damage    Failure   Level
a - Scorch                Fire           42%        2d7       2%          2

Your spell library contained the following spells:

 Spells                   Type           Power      Damage    Failure   Level
 Ensorcelled Hibernation  Hex/Ice        0%         N/A       32%         2
 Spider Form              Tmut/Pois      0%         N/A       54%         3
 Anguish                  Hex/Necr       0%         N/A       91%         4


Dungeon Overview and Level Annotations

Branches:
Dungeon (6/15)             Temple (1/1) D:5

Altars:
Ashenzari
Cheibriados
Dithmenos
Elyvilon
Fedhas
Gozag
Hepliaklqana
Kikubaaqudgha
Makhleb
Nemelex Xobeh
Okawaru
Qazlal
Ru
Sif Muna
Trog
Uskayaw
Vehumet
Wu Jian
Xom
Yredelemnul
Zin
The Shining One

Shops:
D:6 *

Annotations:
D:2 1 runed translucent door, Crazy Yiuf


Innate Abilities, Weirdness & Mutations

You have hoof-like feet.
You are partially covered in slimy green scales. (AC +2)
You regenerate a little health from kills.


Message History

The scorpion poisons you! The water moccasin bites you.
You are more poisoned.
The water moccasin poisons you!
You feel very sick. The scorpion barely misses you.
You feel very sick.
You closely miss the scorpion. You kick the scorpion.
The scorpion is moderately wounded.
You feel very sick.
The scorpion stings you but does no damage.
You slash the scorpion! You burn the scorpion.
You kill the scorpion!
You feel very sick.
You barely miss the water moccasin. Your kick misses the water moccasin.
You feel very sick. The water moccasin misses you.
The water moccasin barely misses you.
You barely miss the water moccasin. You closely miss the gnoll shaman.
You feel sick. The water moccasin bites you.
You are more poisoned.
The water moccasin poisons you!
The gnoll shaman hits you but does no damage.
The water moccasin bites you.
You miss the water moccasin. Your kick misses the water moccasin.
You hit the gnoll shaman. You burn the gnoll shaman.
You feel very sick.
The gnoll shaman hits you but does no damage.
The water moccasin bites you!
* * * LOW HITPOINT WARNING * * *
You are more poisoned.
The water moccasin poisons you!
The gnoll shaman hits you with a +0 club.
* * * LOW HITPOINT WARNING * * *
You barely miss the water moccasin. You punch the water moccasin.
The water moccasin is lightly wounded.
You closely miss the gnoll shaman.
* * * LOW HITPOINT WARNING * * *
You feel extremely sick.
The water moccasin bites you but does no damage.
The water moccasin bites you.
You die...

#..####..####........).#.#
##.........##.........)#.#
.......♣.......########))#
.....................
#.#..#
.....♣∩♣............ ...
##
.............#..........##
###....♣..............#.#
...........S.........$#.#
#####..###.#@#........#.#
#.# #.#g)....... ... #..
##.#.#.#.#.. #..
#........... #
##.......#.. ............
..#....>..#..
$..............
...>#.......#..


You could see a water moccasin and a gnoll shaman.

Vanquished Creatures
  Maggie (D:5)
  Prince Ribbit (D:5)
  Sigmund (D:5)
  A shadow (D:5)
  Menkaure (D:5)
  Edmund (D:5)
  A black bear (D:3)
  2 ogres (D:5)
  A centaur (D:6)
  A scorpion (D:6)
  4 hounds
  3 orc priests
  A gnoll shaman (D:4)
  3 iguanas
  4 orc wizards
  8 adders
  2 gnolls
  A white imp (D:6)
  An ufetubus (D:5)
  3 worms
  3 dart slugs
  22 orcs
  5 ball pythons
  5 endoplasms
  6 goblins
  5 hobgoblins
  4 jackals
  6 kobolds
  4 quokkas
  5 bats
  4 frilled lizards
  5 rats
115 creatures vanquished.

Vanquished Creatures (others)
  36 foxfires
36 creatures vanquished.

Grand Total: 151 creatures vanquished

Notes
Turn   | Place    | Note
-------+----------+-------------------------------------------
     0 | D:1      | fragbeetle the Demonspawn Cinder Acolyte began the quest
                  | for the Orb.
     0 | D:1      | Reached XP level 1. HP: 18/18 MP: 2/2
   443 | D:2      | Reached skill level 3 in Polearms
   449 | D:2      | Gained mutation: You are partially covered in slimy green
                  | scales. (AC +2) [demonic ancestry]
   449 | D:2      | Reached XP level 2. HP: 24/24 MP: 3/3
   611 | D:1      | Learned a level 2 spell: Scorch
   876 | D:1      | Gained mutation: You regenerate a little health from kills.
                  | [demonic ancestry]
   876 | D:1      | Reached XP level 3. HP: 23/29 MP: 4/4
   956 | D:1      | Found a hazy altar of Hepliaklqana.
  1923 | D:2      | Found a runed translucent door.
  1924 | D:2      | Noticed Crazy Yiuf
  1975 | D:2      | Found an ornate altar of the Wu Jian Council.
  2596 | D:3      | Reached XP level 4. HP: 31/35 MP: 5/5
  3091 | D:3      | Noticed a black bear
  3105 | D:3      | Killed a black bear
  3106 | D:3      | Reached skill level 4 in Polearms
  3106 | D:3      | Reached XP level 5. HP: 41/41 MP: 6/6
  3745 | D:4      | Reached skill level 5 in Fire Magic
  3752 | D:4      | Gained mutation: You have large cloven feet. [demonic
                  | ancestry]
  3752 | D:4      | Reached XP level 6. HP: 47/47 MP: 7/7
  3759 | D:4      | Found a hazy altar of Hepliaklqana.
  4318 | D:5      | Entered Level 5 of the Dungeon
  4537 | D:5      | Noticed Menkaure
  4551 | D:5      | Killed Menkaure
  4687 | D:5      | Reached skill level 5 in Polearms
  4687 | D:5      | Reached XP level 7. HP: 52/52 MP: 3/8
  4697 | D:5      | HP: 2/52 [orc wizard/puff of flame (3)]
  4928 | D:5      | Noticed Prince Ribbit
  4942 | D:5      | Killed Prince Ribbit
  4943 | D:5      | Reached skill level 6 in Polearms
  5107 | D:5      | Noticed Sigmund
  5128 | D:5      | Killed Sigmund
  5129 | D:5      | Reached skill level 7 in Polearms
  5129 | D:5      | Gained mutation: You have hoof-like feet. [demonic
                  | ancestry]
  5129 | D:5      | Reached XP level 8. HP: 42/58 MP: 3/9
  5375 | D:5      | Found a staircase to the Ecumenical Temple.
  5388 | Temple   | Entered the Ecumenical Temple
  5752 | D:5      | Noticed Edmund
  5758 | D:5      | Killed Edmund
  5939 | D:5      | Reached skill level 8 in Polearms
  6232 | D:6      | Noticed a boulder beetle
  6353 | D:6      | Noticed Maggie
  6366 | D:5      | Killed Maggie
  6367 | D:5      | Reached skill level 5 in Fighting
  6932 | D:6      | Reached XP level 9. HP: 68/68 MP: 10/10
  6939 | D:6      | Found Erysum's Assorted Antiques.
  6947 | D:6      | Bought a potion of heal wounds for 80 gold pieces
  6966 | D:6      | HP: 3/68 [poisoned by a water moccasin]
  6966 | D:6      | Slain by a water moccasin

Illustrated notes

Levels and vault maps discovered:
D:1:      dpeg_arrival_water_fire, layout_loops_ring, minmay_hexomino_r4
D:2:      layout_loops_corners, basic_altar, uniq_crazy_yiuf_cottage
D:3:      layout_basic
D:4:      minmay_inner_zag, layout_cave_pools, marbit_many_paths
D:5:      layout_gridville, minmay_temple_entry_antechambers, uniq_edmund,
          uniq_prince_ribbit1, uniq_sigmund, uniq_menkaure
D:6:      layout_rooms, serial_shops, nicolae_shop_trees, st_stairs_4,
          minmay_circle_x, uniq_maggie
Temple:   minmay_crystal_snake_temple

Skill      XL: |  1  2  3  4  5  6  7  8 |
---------------+-------------------------+-----
Polearms       | 3 4 5 7 8 |  8.0
Fire Magic     | 3 4 5 6 |  6.0
Fighting       | 5 |  5.4
Axes           | 3 |  3.8
Spellcasting   | |  1.0

Action                   |  1- 3 |  4- 6 |  7- 9 || total
-------------------------+-------+-------+-------++-------
Melee: Spear             |   167 |    60 |       ||   227
       Punch             |     1 |       |     1 ||     2
       Hand axe          |       |    78 |    91 ||   169
       Kick              |       |    14 |    31 ||    45
       Broad axe         |       |       |    67 ||    67
Throw: Dart              |       |     1 |       ||     1
 Cast: Scorch            |       |     3 |    13 ||    16
Invok: Fiery Armour      |       |     2 |     1 ||     3
       Foxfire Swarm     |       |     1 |     1 ||     2
Evoke: Wand              |       |     4 |     4 ||     8
  Use: Potion            |       |       |     1 ||     1
 Stab: Sleeping          |     1 |       |       ||     1
       Paralysed         |       |    12 |     6 ||    18
Armor: Robe              |     1 |       |       ||     1
       Ring mail         |    42 |    51 |    40 ||   133
       Steam dragon scal |       |       |    34 ||    34
Dodge: Dodged            |    54 |    91 |    99 ||   244

Table legend: (Time is in decaauts)
 A = Elapsed time spent in this place.
 B = Non-inter-level travel time spent in this place.
 C = Inter-level travel time spent in this place.
 D = Time resting spent in this place.
 E = Time spent auto-exploring this place.
 F = Levels seen in this place.
 G = Mean time per level.
                   A        B        C        D        E       F      G
               +--------+--------+--------+--------+--------+-----+--------+
         Total |   6997 |   6674 |    323 |    335 |   5227 |   7 |  999.6 |
       Dungeon |   6780 |   6493 |    287 |    335 |   5066 |   6 | 1130.0 |
        Temple |    217 |    181 |     36 |      0 |    161 |   1 |  217.0 |
               +--------+--------+--------+--------+--------+-----+--------+

Top non-repeatable levels by time:
     D:5: 2129 daAuts
     D:2: 1305 daAuts
     D:1: 1186 daAuts
     D:3: 1108 daAuts
     D:4: 859 daAuts
  Temple: 217 daAuts
     D:6: 190 daAuts
